 Dungeon Crawl Stone Soup version 0.30-a0-469-g84de5afbc5 (webtiles) character file.

Game seed: 13189704678791770367

322 xzight the Sneak (level 6, 0/28 HPs)
             Began as a Spriggan Enchanter on Dec 18, 2022.
             Was an Initiate of Dithmenos.
             Slain by a killer bee (6 damage)
             ... on level 4 of the Dungeon on Dec 20, 2022.
             The game lasted 00:29:50 (4306 turns).

xzight the Sneak (Spriggan Enchanter)               Turns: 4306, Time: 00:29:51

Health: 0/28       AC:  4    Str:  4    XL:     6   Next: 22%
Magic:  13/13      EV: 19    Int: 17    God:    Dithmenos [......]
Gold:   172        SH:  0    Dex: 17    Spells: 5/13 levels left

rFire   . . .      SeeInvis +    a - +2 dagger (vorpal)
rCold   . . .      Faith    .    (no shield)
rNeg    . . .      Spirit   .    b - +0 robe
rPois   .          Reflect  .    (helmet restricted)
rElec   .          Harm     .    r - +1 cloak
rCorr   .          Rampage  .    (gloves unavailable)
Will    .....                    (boots unavailable)
Stlth   +++.......               (no amulet)
HPRegen 0.24/turn                Z - ring of wizardry
MPRegen 0.13/turn                (no ring)

@: weak-willed, very quick
A: very small, no large weapons, unfitting armour, see invisible, speed 3
a: Renounce Religion


You were on level 4 of the Dungeon.
You worshipped Dithmenos.
Dithmenos was noncommittal.
You visited 2 branches of the dungeon, and saw 5 of its levels.

You collected 172 gold pieces.


Innate Abilities, Weirdness & Mutations

You are very small and have problems with some larger weapons.
You are too small for most types of armour.
You have supernaturally acute eyesight. (SInv)
You cover ground extremely quickly. (Speed+++)


   Skills:
 + Level 3.1 Short Blades
 + Level 4.5 Dodging
 + Level 6.4 Stealth
 + Level 4.2 Spellcasting
 + Level 5.0 Hexes


You had 5 spell levels left.
You knew the following spells:

 Your Spells              Type           Power      Damage    Failure   Level
c - Confusing Touch       Hex            20%        N/A       2%          3
d - Dazzling Flash        Conj/Hex       24%        N/A       7%          3
e - Ensorcelled Hibernat  Hex/Ice        24%        N/A       3%          2

Your spell library contained the following spells:

 Spells                   Type           Power      Damage    Failure   Level
 Tukima's Dance           Hex            20%        N/A       2%          3
 Apportation              Tloc           6%         N/A       6%          1
 Necrotise                Necr           12%        1d4       6%          1
 Summon Small Mammal      Summ           12%        N/A       6%          1

Inventory:

Hand Weapons
 a - a +2 vorpal dagger (weapon)
 s - a +0 rapier
Armour
 b - a +0 robe (worn)
 l - a +0 buckler
 r - a +1 cloak (worn)
Jewellery
 C - a ring of ice
 Z - a ring of wizardry (left hand)
Scrolls
 e - a scroll of silence {unknown}
 k - 3 scrolls of immolation
 p - a scroll of enchant armour
 u - a scroll of brand weapon
Potions
 c - 2 potions of invisibility
 d - a potion of flight {unknown}
 h - a potion of resistance {unknown}
 i - 2 potions of attraction
 j - 3 potions of mutation
 m - a potion of ambrosia {unknown}
 t - a potion of magic {unknown}
 w - a potion of curing {@q1}

Dungeon Overview and Level Annotations

Branches:
Dungeon (4/15)             Temple (1/1) D:4

Altars:
Dithmenos
Hepliaklqana
Kikubaaqudgha
Okawaru
Qazlal
Ru
Trog
Wu Jian

#..................▒▒....▒▒.▒
#.....................▒▒....▒
#..................▒.....▒...
#..................▒.▒▒..▒.▒▒
#............................
#.........J..................
#..........yy................
#....##+####y.##.##...##..##.
##... #@.##.#######+###. ####
#...........# #..
#..........$.# #..
#............+ #..
#....###...### ### #.... ...#
#. #... ...# .>. #... ...#
... ...


You could see 3 killer bees and an endoplasm.


Message History

The killer bee poisons you!
You feel sick.
You feel sick.
The endoplasm quivers.
You feel sick.
The killer bee attacks as you move away!
The killer bee misses you.
You feel sick. The killer bee misses you.
The killer bee attacks as you move away!
The killer bee closely misses you.
You feel sick. The killer bee stings you. The endoplasm misses you.
The killer bee attacks as you move away!
The killer bee closely misses you.
You feel sick. The killer bee stings you.
* * * LOW HITPOINT WARNING * * *
The killer bee attacks as you move away!
The killer bee closely misses you.
The killer bee attacks as you move away!
The killer bee barely misses you.
You feel sick. The killer bee misses you.
The killer bee stings you but does no damage.
You feel sick. The killer bee completely misses you.
The killer bee attacks as you move away!
The killer bee barely misses you.
You feel sick.
The killer bee attacks as you move away!
The killer bee misses you.
The killer bee attacks as you move away!
The killer bee closely misses you.
You feel sick.
You are no longer poisoned.
The killer bee stings you.
You die...

Skill      XL: |  1  2  3  4  5  6 |
---------------+-------------------+-----
Dodging        | 3 4 |  4.5
Spellcasting   | 3 4 |  4.2
Hexes          | 4 5 |  5.0
Stealth        | 5 6 |  6.4
Short Blades   | 2 3 |  3.1

Action                   |  1- 3 |  4- 6 || total
-------------------------+-------+-------++-------
Melee: Dagger            |    83 |   150 ||   233
       Punch             |       |     1 ||     1
 Cast: Ensorcelled Hiber |    18 |    26 ||    44
       Confusing Touch   |       |     2 ||     2
  Use: Potion            |     2 |     3 ||     5
       Scroll            |       |    10 ||    10
 Stab: Sleeping          |    19 |    23 ||    42
       Distracted        |     2 |       ||     2
       Confused          |       |     2 ||     2
Armor: Robe              |    11 |    16 ||    27
Dodge: Dodged            |   130 |   146 ||   276

Levels and vault maps discovered:
D:1:      mrwooster_arrival_statue_3, layout_basic
D:2:      layout_basic
D:3:      minmay_octagon_keep, layout_basic,
          mainiacjoe_overflow_surrounded_room, grunt_qazlal_sundering,
          nrook_uturn, minmay_cut_off, uniq_terence
D:4:      layout_gridville, mainiacjoe_overflow_chevrons,
          minmay_temple_entry_ruins
Temple:   dpeg_chambers_temple

Notes
Turn   | Place    | Note
-------+----------+-------------------------------------------
     0 | D:1      | xzight the Spriggan Enchanter began the quest for the Orb.
     0 | D:1      | Reached XP level 1. HP: 9/9 MP: 5/5
   398 | D:2      | Upgraded the game from 0.30-a0-465-g8901f6c8b5 to
                  | 0.30-a0-469-g84de5afbc5
   480 | D:2      | Reached skill level 3 in Dodging
   480 | D:2      | Reached skill level 3 in Spellcasting
   480 | D:2      | Reached XP level 2. HP: 13/13 MP: 7/7
   498 | D:2      | Learned a level 2 spell: Ensorcelled Hibernation
   765 | D:2      | Reached skill level 4 in Hexes
   765 | D:2      | Reached XP level 3. HP: 16/16 MP: 8/8
   811 | D:2      | Learned a level 3 spell: Confusing Touch
   815 | D:2      | Learned a level 3 spell: Dazzling Flash
   858 | D:2      | Identified the +3 chain mail "Pikkopn" {Slay+3}
   875 | D:2      | Reached skill level 5 in Stealth
   990 | D:1      | HP: 1/16 [jackal (1)]
  1983 | D:2      | Reached skill level 2 in Short Blades
  1983 | D:2      | Reached XP level 4. HP: 21/21 MP: 7/10
  2659 | D:3      | Found a stormy altar of Qazlal.
  3039 | D:3      | Identified the +7 flail of Massacring {freeze, rC+}
  3180 | D:3      | Reached XP level 5. HP: 24/24 MP: 6/11
  3299 | D:3      | Noticed Terence
  3311 | D:3      | Killed Terence
  3312 | D:3      | Reached skill level 4 in Dodging
  3422 | D:3      | Found an ancient bone altar of Kikubaaqudgha.
  3552 | D:3      | Reached skill level 6 in Stealth
  3552 | D:3      | Reached skill level 4 in Spellcasting
  3692 | D:4      | Found a staircase to the Ecumenical Temple.
  3706 | Temple   | Entered the Ecumenical Temple
  3795 | Temple   | Became a worshipper of Dithmenos the Shadowed
  3984 | D:3      | Reached skill level 3 in Short Blades
  4024 | D:4      | Reached XP level 6. HP: 28/28 MP: 10/13
  4216 | D:4      | Reached skill level 5 in Hexes
  4306 | D:4      | Slain by a killer bee

Vanquished Creatures
  A necrophage (D:3)
  An iguana (D:4)
  Terence (D:3)
  7 adders
  6 gnolls
  A worm (D:2)
  2 dart slugs
  6 orcs (D:3)
  7 ball pythons
  4 bats
  7 endoplasms
  3 giant cockroaches
  7 goblins
  6 hobgoblins
  4 jackals (D:1)
  A quokka (D:1)
  5 frilled lizards
  3 kobolds
  4 rats
76 creatures vanquished.

Table legend: (Time is in decaauts)
 A = Elapsed time spent in this place.
 B = Non-inter-level travel time spent in this place.
 C = Inter-level travel time spent in this place.
 D = Time resting spent in this place.
 E = Time spent auto-exploring this place.
 F = Levels seen in this place.
 G = Mean time per level.
                   A        B        C        D        E       F      G
               +--------+--------+--------+--------+--------+-----+--------+
         Total |   3047 |   2993 |     54 |    691 |   1105 |   5 |  609.4 |
       Dungeon |   2987 |   2938 |     49 |    691 |   1105 |   4 |  746.8 |
        Temple |     59 |     54 |      5 |      0 |      0 |   1 |   59.0 |
               +--------+--------+--------+--------+--------+-----+--------+

Top non-repeatable levels by time:
     D:2: 1016 daAuts
     D:1: 804 daAuts
     D:3: 772 daAuts
     D:4: 394 daAuts
  Temple: 59 daAuts

Table legend:
 A = Non-vault XP
 B = Vault XP
 C = Vault XP percentage of total XP
 D = Non-vault monster count
 E = Vault monster count
 F = Vault count percentage of total count
                 A         B        C        D         E       F
            +---------+---------+-------+---------+---------+-------
      Total |     388 |      73 |  15.8 |      61 |      15 |  19.7
            +---------+---------+-------+---------+---------+-------
        D:1 |      45 |       0 |   0.0 |      18 |       0 |   0.0
        D:2 |     107 |       0 |   0.0 |      20 |       0 |   0.0
        D:3 |     143 |      73 |  33.8 |      13 |      15 |  53.6
        D:4 |      93 |       0 |   0.0 |      10 |       0 |   0.0
            +---------+---------+-------+---------+---------+-------
